 Dungeon Crawl Stone Soup version 0.21.1-1-g345015fe64 (webtiles) character file.

46 Knicklaso the Skirmisher (level 3, 0/30 HPs)
             Began as a Demonspawn Hunter on Apr 15, 2018.
             Slain by Crazy Yiuf
             ... wielding a +4 quarterstaff of chaos
              (9 damage)
             ... on level 2 of the Dungeon.
             The game lasted 00:01:51 (1083 turns).

Knicklaso the Skirmisher (Demonspawn Hunter)        Turns: 1083, Time: 00:01:51

Health: 0/30       AC:  3    Str: 12    XL:     3   Next: 44%
Magic:  3/3        EV: 12    Int: 13    God:
Gold:   67         SH:  0    Dex: 13    Spells: 2/2 levels left

rFire    . . .     SeeInvis .   a - +1 hunting sling
rCold    . . .     Gourm    .   (no shield)
rNeg     . . .     Faith    .   c - +0 leather armour
rPois    .         Spirit   .   (helmet restricted)
rElec    .         Reflect  .   (no cloak)
rCorr    .         Harm     .   (no gloves)
MR       .....                  (no boots)
Stlth    +.........             (no amulet)
HPRegen  0.10/turn              (no ring)
MPRegen  0.08/turn              (no ring)

@: very slightly contaminated, invisible
A: antennae 1, sturdy frame 1
a: no special abilities


You were on level 2 of the Dungeon.
You were not hungry.

You visited 1 branch of the dungeon, and saw 2 of its levels.

You collected 67 gold pieces.

Inventory:

Hand Weapons
 a - a +1 hunting sling (weapon)
 b - a +0 short sword
Missiles
 d - 31 sling bullets (quivered)
 e - 70 stones
Armour
 c - a +0 leather armour (worn)
Scrolls
 k - a scroll of fog {unknown}
 l - a scroll of random uselessness {unknown}
 m - 2 scrolls of amnesia {unknown}
 n - a scroll of identify {unknown}
Potions
 g - a potion of berserk rage {unknown}
 h - 2 potions of curing {unknown}
 i - 2 potions of flight {unknown}
 j - a potion of mutation {unknown}
 o - a potion of ambrosia {unknown}
 p - a potion of haste {unknown}
Comestibles
 f - 3 rations


   Skills:
 + Level 3.9 Fighting
 - Level 3.6 Slings
 - Level 1.7 Dodging
 - Level 0.8 Stealth


You had 2 spell levels left.
You didn't know any spells.

Dungeon Overview and Level Annotations

Branches:
Dungeon (2/15)

Altars:

Annotations:
D:2 Crazy Yiuf


Innate Abilities, Weirdness & Mutations

You have a pair of small antennae on your head.
Your movements are slightly less encumbered by armour. (ER -2)


Message History

The sling bullet hits Crazy Yiuf but does no damage.
Crazy Yiuf is severely wounded.
Crazy Yiuf closely misses you.
Firing (i - inventory. (,) - cycle):
d - 33 sling bullets (quivered)
Press: ? - help, Shift-Dir - straight line, f/p - Crazy Yiuf
Aim: Crazy Yiuf, wielding a quarterstaff of chaos and wearing a runed cloak (severely wounded)
You shoot a sling bullet.
The sling bullet hits Crazy Yiuf but does no damage.
Crazy Yiuf is severely wounded.
Crazy Yiuf hits you with a quarterstaff of chaos.
Crazy Yiuf burns you.
* * * LOW HITPOINT WARNING * * *
Firing (i - inventory. (,) - cycle):
d - 32 sling bullets (quivered)
Press: ? - help, Shift-Dir - straight line, f/p - Crazy Yiuf
Aim: Crazy Yiuf, wielding a quarterstaff of chaos and wearing a runed cloak (severely wounded)
You shoot a sling bullet.
The sling bullet barely misses Crazy Yiuf.
Crazy Yiuf twirls on the spot.
Crazy Yiuf hits you with a quarterstaff of chaos!
You die...

....##....#.# ♣....♣
#...)...... ....##....#.#
♣...♣♣ #..........
..........#.# ♣♣.♣♣
#.......... .......####.# ♣.♣♣
#.......... .......# #.# ♣♣.♣
#......#.## .......# #.# ♣.♣♣
#......#.# .......# #.# ♣♣.♣
#......#.# .......# ### ##g##
#......#.## ######## #@(.#
####.#..... ###### #...#
####.#..... #....# #..)#
#....#..... #....# #####
#.####....< #....# #.........†
#....# #########..##......
#....# #..........##.##...
#....# #...).........##..#
#....#########.######..####..#


You could see Crazy Yiuf.

Vanquished Creatures
  An adder (D:2)
  2 leopard geckos (D:1)
  3 bats
  7 giant cockroaches
  4 hobgoblins
  A quokka (D:2)
  4 frilled lizards
  3 goblins
  4 kobolds
  3 rats
32 creatures vanquished.

Notes
Turn   | Place    | Note
-------+----------+-------------------------------------------
     0 | D:1      | Knicklaso the Demonspawn Hunter began the quest for the Orb.
     0 | D:1      | Reached XP level 1. HP: 16/16 MP: 1/1
   405 | D:1      | Gained mutation: Your movements are slightly less encumbered by armour. (ER -2) [demonic ancestry]
   405 | D:1      | Reached XP level 2. HP: 23/23 MP: 2/2
   709 | D:2      | Gained mutation: You have a pair of small antennae on your head. [demonic ancestry]
   709 | D:2      | Reached XP level 3. HP: 29/29 MP: 3/3
   976 | D:2      | Found a faded altar of an unknown god.
  1044 | D:2      | Found a runed door.
  1072 | D:2      | Noticed Crazy Yiuf
  1083 | D:2      | Slain by Crazy Yiuf

Skill      XL: |  1  2 |
---------------+-------+-----
Fighting       | 3 |  3.9
Slings         | |  3.6
Dodging        | |  1.7
Stealth        | |  0.8

Action                   || total
-------------------------++-------
 Fire: Hunting sling     ||    95
Armor: Leather armour    ||     8
Dodge: Dodged            ||    25
